 Dungeon Crawl Stone Soup version 0.20-a0-424-g64c2abb (webtiles) character file.

91 HarryHood the Cudgeler (level 4, -1/28 HPs)
             Began as a Gargoyle Berserker on Dec 9, 2016.
             Was a Believer of Trog.
             Killed from afar by an orc wizard (4 damage)
             ... with a puff of flame
             ... on level 3 of the Dungeon.
             The game lasted 00:10:49 (2395 turns).

HarryHood the Cudgeler (Gargoyle Berserker)         Turns: 2395, Time: 00:10:50

Health: -1/28      AC: 12    Str: 21    XL:     4   Next: 57%
Magic:  4/4        EV:  8    Int:  7    God:    Trog [**....]
Gold:   133        SH:  0    Dex: 10    Spells: 3/3 levels left

rFire  . . .     SeeInvis .     l - -3 whip (curse)
rCold  . . .     Gourm    .     j - +0 chain mail
rNeg   + . .     Faith    .     (no shield)
rPois  ∞         Spirit   .     (no helmet)
rElec  +         Reflect  .     (no cloak)
rCorr  .         Harm     .     (no gloves)
MR     .....                    (no boots)
Stlth  ..........               (no amulet)
                                (no ring)
                                (no ring)

@: no status effects
A: negative energy resistance 1, electricity resistance, unbreathing,
petrification resistance, rot immunity, AC +3
a: Berserk, Trog's Hand, Burn Spellbooks, Renounce Religion


You were on level 3 of the Dungeon.
You worshipped Trog.
Trog was pleased with you.
You were not hungry.

You visited 1 branch of the dungeon, and saw 3 of its levels.

You collected 133 gold pieces.

Inventory:

Hand Weapons
 a - a +0 mace
 l - a cursed -3 whip (weapon)
Armour
 b - a +0 animal skin
 j - a +0 chain mail (worn)
Scrolls
 o - a scroll of fog {unknown}
Potions
 d - 2 potions of lignification {unknown}
 e - 3 potions of degeneration {unknown}
 f - 3 potions of curing
 m - a potion of invisibility {unknown}
 n - a potion of resistance {unknown}
Comestibles
 c - 2 bread rations
 g - 2 meat rations
 h - 7 chunks of flesh
 i - a slice of pizza
 k - a beef jerky


   Skills:
 - Level 3.2 Fighting
 * Level 5.2 Maces & Flails
 - Level 2.1 Armour
 - Level 1.5 Dodging


You had 3 spell levels left.
You didn't know any spells.

Dungeon Overview and Level Annotations

Branches:
Dungeon (3/15)

Altars:
Dithmenos


Innate Abilities, Weirdness & Mutations

You are resistant to torment.
Your stone body is resilient. (AC +3)
You are immune to poison.
You resist negative energy. (rN+)
You are resistant to electric shocks. (rElec)
You can survive without breathing.
You are immune to petrification.
You are immune to rotting.


Message History

The orc hits you but does no damage.
You hit something. Something hits you but does no damage.
The orc hits you but does no damage.
You hit something but do no damage.
You hear some strange, mumbled words.
A puff of flame appears from out of thin air!
The puff of flame hits you!
You miss something. The orc hits you but does no damage.
Something hits you but does no damage.
You closely miss something.
The orc priest calls down the wrath of Beogh upon you.
Beogh smites you!
Ouch! That really hurt!
* * * LOW HITPOINT WARNING * * *
The orc hits you but does no damage. Something hits you but does no damage.
You hit something. The orc hits you but does no damage.
You hear some strange, mumbled words.
A puff of flame appears from out of thin air!
The puff of flame hits you!
You die...

### #.# #
.######.###..##
.......{oo..... #@#
# ...####.###..#
.............#
..#####.###.##
...#####.###.###
................
...#####.########.#
#..........#
.#####....#######


You could see an orc priest and an orc.

Vanquished Creatures
  An adder (D:2)
  An ooze (D:1)
  A worm (D:2)
  3 leopard geckos
  4 orcs (D:3)
  16 giant cockroaches
  6 goblins
  4 hobgoblins
  6 jackals (D:2)
  3 kobolds
  4 quokkas (D:2)
  3 bats
  A frilled lizard (D:3)
  3 rats
56 creatures vanquished.

Notes
Turn   | Place    | Note
-------+----------+-------------------------------------------
     0 | D:1      | HarryHood the Gargoyle Berserker began the quest for the Orb.
     0 | D:1      | Reached XP level 1. HP: 14/14 MP: 1/1
    75 | D:1      | Reached XP level 2. HP: 8/19 MP: 2/2
   821 | D:1      | Reached skill level 4 in Maces & Flails
  1097 | D:1      | Reached XP level 3. HP: 23/23 MP: 3/3
  1628 | D:2      | Reached ** piety under Trog
  1847 | D:2      | Found a shadowy altar of Dithmenos.
  2026 | D:2      | Reached XP level 4. HP: 28/28 MP: 4/4
  2180 | D:3      | Reached skill level 5 in Maces & Flails
  2395 | D:3      | Killed from afar by an orc wizard

Vault maps used:
D:1:      matt_arrival_los_fun
D:2:      nicolae_dithmenos_shadow_blocks
D:3:      minmay_roachtagon, lemuel_doored_altar

Skill      XL: |  1  2  3  4 |
---------------+-------------+-----
Maces & Flails | 4 5 |  5.2
Fighting       | |  3.2
Armour         | |  2.1
Dodging        | |  1.5

Action                   |  1- 3 |  4- 6 || total
-------------------------+-------+-------++-------
Melee: Mace              |   145 |    25 ||   170
       Whip              |       |   138 ||   138
  Use: Scroll            |     3 |     1 ||     4
 Stab: Distracted        |       |     1 ||     1
  Eat: Chunk             |     4 |     1 ||     5
Armor: Animal skin       |    10 |       ||    10
       Chain mail        |    81 |    90 ||   171
Dodge: Dodged            |   103 |    51 ||   154
